 Dungeon Crawl Stone Soup version 0.30.1-4-g462c640d31 (webtiles) character file.

Game seed: 9860714851961943864

261862 Babbit the Hoplite (level 19, -14/183 HPs)
             Began as a Minotaur Fighter on Aug 14, 2023.
             Was a High Priest of Okawaru.
             Demolished by an ironbound convoker
             ... wielding a +0 mace
              (24 damage)
             ... on level 1 of the Vaults on Aug 16, 2023.
             The game lasted 03:10:53 (34191 turns).

Babbit the Hoplite (Minotaur Fighter)              Turns: 34191, Time: 03:10:53

Health: -14/183    AC: 20    Str: 43    XL:     19   Next: 21%
Magic:  19/21      EV: 13    Int: 12    God:    Okawaru [*****.]
Gold:   2384       SH: 31    Dex:  8    Spells: 18/18 levels left

rFire   . . .        E - +7 war axe
rCold   . . .        t - +5 tower shield {reflect}
rNeg    . . .        q - +3 scale mail {rF+}
rPois   +            o - +2 hat of the Quahog {Will+ Str+3}
rElec   +            C - scarf {repulsion}
rCorr   .            M - +0 pair of gloves of the Spider Nest {rPois rF- Will+ Int+3}
SInv    .            N - +3 pair of boots of Diomno Bith {rElec Int+2 Slay+3}
Will    +++++        u - amulet of reflection
Stlth   +            J - ring of Piryp {Fly Str+6 Dex-3}
HPRegen 0.50/turn    b - ring of the Mashing Gods {Will++ Str+6 Int+2}
MPRegen 0.17/turn

%: repel missiles, reflection
@: finesse-ful, flying
A: horns 2, retaliatory headbutt
}: 2/15 runes: serpentine, barnacled
a: Renounce Religion, Heroism, Finesse, Duel


You were on level 1 of the Vaults.
You worshipped Okawaru.
Okawaru was extremely pleased with you.
You visited 7 branches of the dungeon, and saw 32 of its levels.

You collected 2893 gold pieces.
You spent 509 gold pieces at shops.

Inventory:

Hand Weapons
 w - a +3 war axe of flaming
 E - a +7 war axe (weapon)
 R - the +1 war axe of the Fool {venom, *Noise Fly rCorr}
   (Okawaru gifted it to you on level 5 of the Lair of Beasts)

   Fly:       It grants you flight.
   *Noise:    It may make noises in combat.
   rCorr:     It protects you from acid and corrosion.
 X - a +3 antimagic war axe
Missiles
 x - 5 silver javelins
 B - 4 silver boomerangs (quivered)
 V - 3 boomerangs of dispersal
Armour
 e - the +0 crystal plate armour of Jadij {Dex+3 Stlth+}
   (Okawaru gifted it to you on level 2 of the Orcish Mines)

   Dex:       It affects your dexterity (+3).
   Stlth:     It makes you more stealthy.
 o - the +2 hat of the Quahog (worn) {Will+ Str+3}
   (Okawaru gifted it to you on level 10 of the Dungeon)

   Str:       It affects your strength (+3).
   Will:      It increases your willpower.
 q - a +3 scale mail of fire resistance (worn)
 t - a +5 tower shield of reflection (worn)
 C - a scarf of repulsion (worn)
 M - the +0 pair of gloves of the Spider Nest (worn) {rPois rF- Will+ Int+3}
   (You found it on level 2 of the Shoals)

   Int:       It affects your intelligence (+3).
   rF:        It makes you vulnerable to fire.
   rPois:     It protects you from poison.
   Will:      It increases your willpower.
 N - the +3 pair of boots of Diomno Bith (worn) {rElec Int+2 Slay+3}
   (Okawaru gifted it to you on level 11 of the Dungeon)

   Int:       It affects your intelligence (+2).
   Slay:      It affects your accuracy & damage with ranged weapons and melee
   (+3).
   rElec:     It insulates you from electricity.
 U - the +3 chain mail of Duty {rN++ Will+ Str+2}
   (Okawaru gifted it to you on level 2 of the Shoals)

   Str:       It affects your strength (+2).
   rN:        It greatly protects you from negative energy.
   Will:      It increases your willpower.
 Y - a +0 cloak of stealth
Jewellery
 b - the ring of the Mashing Gods (right hand) {Will++ Str+6 Int+2}
   (You took it off an orc knight on level 10 of the Dungeon)

   [ring of strength]

   Str:       It affects your strength (+6).
   Int:       It affects your intelligence (+2).
   Will:      It greatly increases your willpower.
 r - a ring of flight
 u - an amulet of reflection (around neck)
 y - a ring of protection from fire
 D - an amulet of the acrobat
 I - the ring of Eternal Harmony {EV+5 Str+4}
   (You took it off an orc knight on level 10 of the Dungeon)

   [ring of evasion]

   EV:        It affects your evasion (+5).
   Str:       It affects your strength (+4).
 J - the ring of Piryp (left hand) {Fly Str+6 Dex-3}
   (You took it off a deep elf pyromancer on level 10 of the Dungeon)

   [ring of flight]

   Str:       It affects your strength (+6).
   Dex:       It affects your dexterity (-3).
   Fly:       It grants you flight.
 K - a ring of fire
 T - the necklace of Bloodlust {Fury *Rage Will++ Int-3 Slay+6}
   (You found it on level 4 of the Shoals)

   [amulet of nothing]

   Fury:      It extends the wearer's berserk rage when killing foes.
   Int:       It affects your intelligence (-3).
   Slay:      It affects your accuracy & damage with ranged weapons and melee
   (+6).
   *Rage:     It berserks you when you make melee attacks (+50% chance).
   Will:      It greatly increases your willpower.
Wands
 m - a wand of flame (19)
 P - a wand of polymorph (7)
 Q - a wand of light (6)
 S - a wand of roots (4)
Scrolls
 g - 7 scrolls of fog
 j - 4 scrolls of magic mapping
 l - 9 scrolls of identify
 n - 9 scrolls of poison
 p - 14 scrolls of teleportation
 v - 4 scrolls of fear
 A - a scroll of silence
 O - 4 scrolls of summoning
 W - a scroll of brand weapon
Potions
 a - 5 potions of heal wounds
 c - 3 potions of lignification
 d - 2 potions of might
 f - 9 potions of curing
 h - 2 potions of invisibility
 i - 6 potions of flight
 k - a potion of brilliance
 s - a potion of cancellation
 z - 3 potions of resistance
 G - 3 potions of haste
 H - 2 potions of berserk rage
Miscellaneous
 L - a phial of floods


   Skills:
 + Level 19.2 Fighting
 + Level 21.9 Axes
 + Level 2.5 Throwing
 + Level 13.6 Armour
 + Level 11.3 Dodging
 + Level 3.5 Stealth
 + Level 24.1 Shields
 + Level 4.2 Invocations


You had 18 spell levels left.
You didn't know any spells.
Your spell library contained the following spells:

 Spells                   Type           Power      Damage    Failure   Level
 Shock                    Conj/Air       0%         1d3       50%         1
 Blink                    Tloc           0%         N/A       63%         2
 Lesser Beckoning         Tloc           0%         N/A       63%         2
 Momentum Strike          Conj/Tloc      0%         3d8       63%         2
 Scorch                   Fire           0%         2d5       63%         2
 Static Discharge         Conj/Air       0%         2-2/arc   63%         2
 Gell's Gravitas          Tloc           0%         N/A       86%         3
 Ignite Poison            Fire/Tmut/Pois 0%         N/A       86%         3
 Inner Flame              Hex/Fire       0%         N/A       86%         3
 Swiftness                Air            0%         N/A       86%         3
 Teleport Other           Tloc           0%         N/A       86%         3
 Airstrike                Air            0%         2d(0-16)  99%         4
 Flame Wave               Conj/Fire      0%         2d4       99%         4
 Manifold Assault         Tloc           0%         N/A       99%         4
 Passage of Golubria      Tloc           0%         N/A       99%         4
 Sticky Flame             Conj/Fire      0%         2d3       99%         4
 Alistair's Intoxication  Tmut/Pois      0%         N/A       100%        5
 Borgnjor's Vile Clutch   Necr/Erth      0%         N/A       100%        5
 Yara's Violent Unravell  Hex/Tmut       0%         3d3       100%        5
 Eringya's Noxious Bog    Tmut/Pois      0%         N/A       100%        6
 Enfeeble                 Hex            0%         N/A       100%        7
 Storm Form               Tmut/Air       0%         N/A       100%        7
 Ignition                 Fire           0%         3d3       100%        8
 Tukima's Dance           Hex            Unusable   N/A       N/A         3
 Summon Lightning Spire   Summ/Air       Unusable   N/A       N/A         4
 Summon Cactus Giant      Summ           Unusable   N/A       N/A         6

Dungeon Overview and Level Annotations

Branches:
Dungeon (15/15)            Temple (1/1) D:5            Lair (5/5) D:11
 Shoals (4/4) Lair:3        Snake (4/4) Lair:2        Slime (0/5) Lair:4
    Orc (2/2) D:10            Elf (0/3) Orc:2        Vaults (1/5) D:13
 Depths (0/4) D:15

Altars:
Ashenzari
Cheibriados
Dithmenos
Elyvilon
Fedhas
Gozag
Hepliaklqana
Kikubaaqudgha
Makhleb
Nemelex Xobeh
Okawaru
Qazlal
Ru
Sif Muna
Trog
Uskayaw
Vehumet
Wu Jian
Xom
Yredelemnul
Zin
The Shining One
Jiyva

Shops:
D:11 [   Orc:2 **([   Shoals:3 ?[[*(   Snake:3 =((*

Portals:
Trove: D:10 (show abyssal rune of Zot)

Annotations:
D:15 3 transporters
Lair:4 exclusion: 2 oklob plants
Lair:5 2 transporters, scisormetimb3rs's ghost, journeyman SpBr
Snake:3 2 transporters, exclusion: orange crystal statue


Innate Abilities, Weirdness & Mutations

You have a pair of horns on your head.
You reflexively headbutt those who attack you in melee.


Message History

You kill the vault guard!
Okawaru accepts your kill.
You slash the yaktaur! You slice the vault guard!!
You block the vault guard's attack.
You carve the vault guard like a ham!!!
The vault guard is almost dead.
You slash the yaktaur!
The yaktaur unwields a +0 arbalest.
You block the yaktaur's attack.
You hit the vault guard.
The vault guard is almost dead.
You hit the yaktaur. You barely miss the vault guard.
The vault guard is almost dead.
You slash the yaktaur!
You kill the yaktaur!
Okawaru accepts your kill.
An ironbound convoker opens the door.
You block the vault guard's attack.
You open the vault guard like a pillowcase!!!
You kill the vault guard!
Okawaru accepts your kill.
You hit the ironbound convoker.
The runic seal fades away.
The ironbound convoker begins to recite a word of recall!
The vault warden activates a sealing rune.
A door slams shut!
You block the ironbound convoker's attack.
Items here: )) [ †.
The vault warden hits you with a +1 battleaxe of freezing!!
The vault warden freezes you!
You block the ironbound convoker's attack.
You closely miss the vault warden. You slash the ironbound convoker! x2
You slice the vault warden!! Your headbutt misses the vault warden.
The vault warden is moderately wounded.
You hit the ironbound convoker but do no damage.
You hit the ironbound convoker.
The vault warden hits you with a +1 battleaxe of freezing!!!
* * * LOW HITPOINT WARNING * * *
The vault warden freezes you.
* * * LOW HITPOINT WARNING * * *
The ironbound convoker hits you with a +0 mace!!
You die...

#......#.......#......#......#
#......#.......#...∩..#......#
#......#.......#......#......#
#......#.......#......#......#
#......#.......#......#......#
#......#.......########......#
######'#.................)...#
....................)....)...####
..[)..........)p@p........)......
...............).p........)).....
'############+##+#############'##
........# #........# . ........#
#........# ..##..#.# #........#
##.)##.## #........# ........#
#........# ........# #........#


You could see a vault warden (strong) and 2 ironbound convokers.

Vanquished Creatures
  Mara (Shoals:3)
  Jorgrun (D:13)
  Zenata (Vaults:1)
  The ghost of Zeor the Warrior, an adept DrHu of the Shining One (Snake:4)
  2 quicksilver dragons (Snake:4)
  2 krakens (Shoals:4)
  2 sphinxes (Vaults:1)
  Frances (D:12)
  Gastronok (D:11)
  Agnes (D:14)
  A tengu reaver (Vaults:1)
  3 nagarajas (Snake:4)
  The ghost of Xoroc the Carver, an adept HuFi of Okawaru (Shoals:2)
  Louise (D:15)
  6 ironbound preservers (Vaults:1)
  An ironbound thunderhulk (Vaults:1)
  Nessos (D:15)
  A stone giant (Vaults:1)
  The ghost of Ejotwaer the Cleaver, a journeyman MiFi of the Shining One (D:14)
  Snorg (D:12)
  3 merfolk javelineers (Shoals:4)
  8 merfolk impalers
  A fire dragon (Lair:5)
  Josephine (D:15)
  2 yaktaur captains (Vaults:1)
  A rakshasa (D:14)
  Harold (D:11)
  7 vault guards
  2 great orbs of eyes (Vaults:1)
  6 salamander tyrants
  7 hydras
  2 ogre magi (D:13)
  2 catoblepae
  6 merfolk avatars
  5 two-headed ogres
  9 merfolk aquamancers
  An ironbound frostheart (Vaults:1)
  20 centaur warriors
  11 naga warriors
  11 anacondas
  2 alligator snapping turtles
  5 satyrs
  Urug (Orc:2)
  7 orc high priests (Orc:2)
  7 naga sharpshooters
  5 skysharks
  Nergalle (D:12)
  10 shock serpents
  7 skeletal warriors
  2 salamander mystics
  14 sea snakes
  2 spark wasp zombies (D:15)
  3 naga ritualists
  A shadow dragon zombie (D:15)
  12 deep trolls (Vaults:1)
  A swamp dragon (Lair:5)
  16 harpies
  2 wizards
  3 lindwurms (Vaults:1)
  A phantasmal warrior (D:15)
  A deep elf archer (D:13)
  8 mana vipers
  3 deep elf pyromancers
  3 orc knights
  An ironbound convoker (Vaults:1)
  10 ugly things
  A shining eye (shapeshifter) (D:14)
  17 salamanders
  A necromancer (D:15)
  A frost giant zombie (D:15)
  21 fauns
  13 manticores
  10 guardian serpents
  5 cyclopes
  Joseph (D:8)
  14 merfolk sirens
  4 vault sentinels (Vaults:1)
  14 naga magi
  45 black mambas
  4 gargoyles
  9 cane toads
  5 water nymphs
  2 torpor snails
  5 komodo dragons
  3 kobold demonologists
  Psyche (D:12)
  10 yaktaurs
  5 rime drakes
  An efreet (D:13)
  A freezing wraith (D:15)
  8 trolls
  The ghost of jtron the Shooter, an amateur GnWn (D:5)
  12 meliai
  A wind drake (Shoals:1)
  14 blink frogs
  30 merfolk
  11 polar bears
  2 hornets
  2 raiju (Lair:5)
  13 snapping turtles
  7 dream sheep
  A jumping spider (shapeshifter) (D:14)
  Sigmund (D:3)
  18 slime creatures
  6 spriggans (Lair:1)
  14 water elementals
  3 shadows
  A vampire (D:9)
  11 wraiths
  53 yaks
  12 basilisks
  5 wyverns
  5 steam dragons
  14 wargs
  Menkaure (D:5)
  42 nagas
  Edmund (D:6)
  An acid dragon (D:10)
  12 water moccasins
  13 hell hounds (Lair:5)
  14 orc warriors
  12 black bears
  A sky beast (D:6)
  Pargi (D:3)
  4 ogres
  14 wolves
  16 centaurs
  A kobold brigand (D:10)
  A phantom (D:6)
  A gnoll sergeant (D:12)
  11 bullfrogs
  13 wights
  9 killer bees (D:10)
  3 electric eels (Lair:3)
  2 howler monkeys (D:12)
  6 hounds
  2 gnoll boudas (D:8)
  4 jellies
  26 orc priests
  7 iguanas
  15 orc wizards
  A centaur simulacrum (D:10)
  9 adders
  13 gnolls
  12 white imps (D:11)
  2 worms
  A dart slug (D:4)
  74 orcs
  6 bats
  6 endoplasms
  2 giant cockroaches
  9 goblins
  6 hobgoblins
  13 jackals
  2 quokkas
  7 ball pythons
  5 frilled lizards
  21 kobolds
  4 rats
  2 tentacles (Shoals:4)
1130 creatures vanquished.

Vanquished Creatures (others)
  A merfolk aquamancer (Shoals:2)
  A merfolk (Shoals:3)
  A blink frog (Lair:4)
  A snapping turtle (Shoals:1)
  10 tentacles (Shoals:4)
14 creatures vanquished.

Grand Total: 1144 creatures vanquished

Notes
Turn   | Place    | Note
-------+----------+-------------------------------------------
     0 | D:1      | Babbit the Minotaur Fighter began the quest for the Orb.
     0 | D:1      | Reached XP level 1. HP: 19/19 MP: 0/0
   102 | D:1      | Reached XP level 2. HP: 27/27 MP: 1/1
   341 | D:1      | Reached skill level 4 in Shields
   776 | D:2      | Reached XP level 3. HP: 33/33 MP: 2/2
  1515 | D:3      | Reached XP level 4. HP: 35/41 MP: 3/3
  1674 | D:3      | Found a faded altar of an unknown god.
  1802 | D:3      | Noticed Sigmund
  1809 | D:3      | Killed Sigmund
  1810 | D:3      | Reached skill level 5 in Axes
  1810 | D:3      | Reached skill level 5 in Armour
  1810 | D:3      | Reached XP level 5. HP: 26/47 MP: 4/4
  2066 | D:3      | Reached XP level 6. HP: 51/55 MP: 5/5
  2369 | D:3      | Noticed Pargi
  2381 | D:3      | Killed Pargi
  2794 | D:4      | Reached skill level 5 in Fighting
  3189 | D:4      | Found a hazy altar of Hepliaklqana.
  3329 | D:5      | Entered Level 5 of the Dungeon
  3429 | D:5      | Noticed Menkaure
  3438 | D:5      | Killed Menkaure
  3439 | D:5      | Reached skill level 1 in Dodging
  3439 | D:5      | Reached XP level 7. HP: 46/61 MP: 6/6
  3538 | D:5      | Found a staircase to the Ecumenical Temple.
  3546 | Temple   | Entered the Ecumenical Temple
  3608 | Temple   | Became a worshipper of Warmaster Okawaru
  3802 | D:5      | Reached skill level 5 in Shields
  4009 | D:5      | Found a runed translucent door.
  4009 | D:5      | Noticed jtron's ghost (amateur GnWn)
  4026 | D:5      | Killed jtron's ghost
  4026 | D:5      | Reached * piety under Okawaru
  4049 | D:5      | Reached XP level 8. HP: 53/70 MP: 7/7
  4245 | D:6      | Found a stormy altar of Qazlal.
  4280 | D:6      | Reached skill level 6 in Shields
  4731 | D:6      | Noticed Edmund
  4743 | D:6      | Killed Edmund
  4743 | D:6      | Reached ** piety under Okawaru
  4974 | D:7      | You fall into a shaft and drop 2 floors!
  5103 | D:8      | Noticed Joseph
  5134 | D:8      | Killed Joseph
  5135 | D:8      | Reached skill level 7 in Shields
  5135 | D:8      | Reached XP level 9. HP: 45/78 MP: 6/8
  5366 | D:8      | Reached *** piety under Okawaru
  5367 | D:8      | Reached skill level 8 in Shields
  5488 | D:8      | Reached skill level 10 in Axes
  5992 | D:9      | Noticed a troll
  5997 | D:9      | Killed a troll
  5998 | D:9      | Reached skill level 9 in Shields
  6001 | D:9      | Reached **** piety under Okawaru
  6159 | D:9      | Reached XP level 10. HP: 86/86 MP: 9/9
  6621 | D:10     | Entered Level 10 of the Dungeon
  6629 | D:10     | Noticed a two-headed ogre
  6639 | D:10     | Killed a two-headed ogre
  6639 | D:10     | Reached ***** piety under Okawaru
  6640 | D:10     | Reached skill level 1 in Throwing
  7042 | D:10     | Noticed a two-headed ogre
  7044 | D:10     | Noticed a cyclops
  7045 | D:10     | Noticed a cyan ugly thing
  7046 | D:10     | Noticed a centaur warrior
  7058 | D:10     | Killed a two-headed ogre
  7058 | D:10     | Received a gift from Okawaru
  7058 | D:10     | Identified the ring of Piryp {Fly Str+6 Dex-3}
  7058 | D:10     | Noticed a deep elf pyromancer
  7059 | D:10     | Reached skill level 10 in Shields
  7066 | D:10     | Killed a cyan ugly thing
  7067 | D:10     | Reached skill level 5 in Dodging
  7067 | D:10     | Reached skill level 1 in Stealth
  7069 | D:10     | Killed a cyclops
  7070 | D:10     | Reached XP level 11. HP: 37/97 MP: 10/10
  7072 | D:10     | Killed a centaur warrior
  7078 | D:10     | Killed a deep elf pyromancer
  7100 | D:10     | Identified the ring of Eternal Harmony {EV+5 Str+4}
  7100 | D:10     | Noticed an orc knight
  7117 | D:10     | Killed an orc knight
  7126 | D:10     | Identified the ring of the Mashing Gods {Will++ Str+6
                  | Int+2}
  7126 | D:10     | Noticed an orc knight
  7140 | D:10     | Killed an orc knight
  7305 | D:10     | Identified the ring "Lojips Hiep" {Fire Dex+3}
  7350 | D:10     | Identified the +2 hat of the Quahog {Will+ Str+3} (Okawaru
                  | gifted it to you on level 10 of the Dungeon)
  7350 | D:10     | Received a gift from Okawaru
  7362 | D:10     | Noticed a two-headed ogre
  7367 | D:10     | Killed a two-headed ogre
  7405 | D:10     | Found a portal to a secret trove of treasure.
  7480 | D:10     | Found a staircase to the Orcish Mines.
  7612 | D:10     | Found a snail-covered altar of Cheibriados.
  7669 | D:10     | Found a shimmering altar of Xom.
  7789 | D:11     | Noticed Gastronok
  7802 | D:11     | Killed Gastronok
  7803 | D:11     | Reached skill level 11 in Shields
  8055 | D:11     | Noticed Harold
  8065 | D:11     | Reached skill level 10 in Fighting
  8072 | D:11     | Killed Harold
  8263 | D:11     | Reached skill level 1 in Invocations
  8302 | D:11     | Reached XP level 12. HP: 90/106 MP: 11/11
  8450 | D:11     | Found a staircase to the Lair.
  8541 | D:11     | Identified the +3 pair of boots of Diomno Bith {rElec Int+2
                  | Slay+3} (Okawaru gifted it to you on level 11 of the
                  | Dungeon)
  8541 | D:11     | Received a gift from Okawaru
  8632 | D:11     | Reached skill level 15 in Axes
  8757 | D:11     | Found Xuiseule's Armour Shop.
  8802 | D:11     | Noticed a two-headed ogre
  8890 | D:11     | Reached skill level 12 in Shields
  9022 | Lair:1   | Entered Level 1 of the Lair of Beasts
  9843 | Lair:2   | Reached skill level 13 in Shields
  9881 | Lair:2   | Identified the +3 longbow "Death Rattle" {heavy, Drain rF-
                  | rCorr Str+4}
  9926 | Lair:2   | Found a staircase to the Snake Pit.
 10435 | Lair:3   | Reached ****** piety under Okawaru
 10480 | Lair:3   | Reached XP level 13. HP: 98/117 MP: 12/12
 11107 | Lair:3   | Found a staircase to the Shoals.
 11273 | Lair:4   | Found a viscous altar of Jiyva.
 11273 | Lair:4   | Found a staircase to the Slime Pits.
 11294 | Lair:4   | Received a gift from Okawaru
 11409 | Lair:4   | Reached skill level 14 in Shields
 11440 | Lair:4   | Reached skill level 10 in Armour
 12251 | Lair:5   | Entered Level 5 of the Lair of Beasts
 12339 | Lair:5   | Found a transporter.
 12349 | Lair:5   | Noticed scisormetimb3rs's ghost (journeyman SpBr)
 12371 | Lair:5   | Found a transporter.
 12401 | Lair:5   | Identified the +1 war axe of the Fool {venom, *Noise Fly
                  | rCorr} (Okawaru gifted it to you on level 5 of the Lair of
                  | Beasts)
 12401 | Lair:5   | Received a gift from Okawaru
 12671 | Lair:5   | Reached skill level 15 in Shields
 12836 | Lair:5   | Received a gift from Okawaru
 12895 | Lair:5   | Reached XP level 14. HP: 116/129 MP: 13/13
 14137 | Orc:1    | Entered Level 1 of the Orcish Mines
 14296 | Orc:2    | Entered Level 2 of the Orcish Mines
 14296 | Orc:2    | Noticed Urug
 14307 | Orc:2    | Killed Urug
 14369 | Orc:2    | Found a staircase to the Elven Halls.
 14608 | Orc:2    | Reached skill level 16 in Shields
 14831 | Orc:2    | Found Milonau's Armour Shoppe.
 15005 | Orc:2    | Found Waulucvoj's Antique Weapon Shop.
 15072 | Orc:2    | Identified the +0 crystal plate armour of Jadij {Dex+3
                  | Stlth+} (Okawaru gifted it to you on level 2 of the Orcish
                  | Mines)
 15072 | Orc:2    | Received a gift from Okawaru
 15109 | Orc:2    | Found Pemmorur's General Store.
 15214 | Orc:2    | Found Qihi's General Store.
 15240 | Orc:2    | Bought a scroll of teleportation for 51 gold pieces
 15940 | Snake:1  | Entered Level 1 of the Snake Pit
 16432 | Snake:1  | Identified the +3 hat of the Red Skies {rElec Int+3}
 16521 | Snake:1  | Received a gift from Okawaru
 16522 | Snake:1  | Reached skill level 17 in Shields
 16617 | Snake:1  | Reached XP level 15. HP: 124/139 MP: 15/15
 16830 | Snake:1  | Reached skill level 15 in Fighting
 18095 | Snake:2  | Reached skill level 18 in Shields
 18468 | Snake:3  | Found Usmenk's Weapon Boutique.
 18471 | Snake:3  | Found Divepsidd's General Store.
 18471 | Snake:3  | Found Xuetytt's Jewellery Boutique.
 18476 | Snake:3  | Found Lumpoliq's Antique Weapon Shop.
 18483 | Snake:3  | Bought a scroll of teleportation for 39 gold pieces
 18984 | Snake:3  | Found a transporter.
 19043 | Snake:3  | Identified the +3 broad axe of Bodily Harmony {venom,
                  | *Noise rF+ Int+2 Dex+3} (Okawaru gifted it to you on level
                  | 3 of the Snake Pit)
 19043 | Snake:3  | Received a gift from Okawaru
 19219 | Snake:3  | Found a transporter.
 20076 | Snake:4  | Entered Level 4 of the Snake Pit
 20474 | Snake:4  | Noticed Zeor's ghost (adept DrHu)
 20488 | Snake:4  | Found a runed translucent gate.
 20488 | Snake:4  | Found a runed translucent gate.
 20489 | Snake:4  | Found a runed translucent gate.
 20494 | Snake:4  | Identified the +0 lajatang of Peace {vamp, Contam rN+
                  | Stlth+} (Okawaru gifted it to you on level 4 of the Snake
                  | Pit)
 20494 | Snake:4  | Received a gift from Okawaru
 20641 | Snake:4  | Reached skill level 19 in Shields
 20656 | Snake:4  | Killed Zeor's ghost
 20657 | Snake:4  | Reached XP level 16. HP: 52/150 MP: 12/16
 20680 | Snake:4  | Identified the staff of poison "Guiclief" {rElec rPois rF+
                  | rN+ MP+9 Int+3}
 21480 | Snake:4  | Noticed a quicksilver dragon
 21538 | Snake:4  | Received a gift from Okawaru
 21679 | Snake:4  | Killed a quicksilver dragon
 21846 | Snake:4  | Noticed a quicksilver dragon
 21856 | Snake:4  | Killed a quicksilver dragon
 22028 | Snake:4  | Got a serpentine rune of Zot
 22364 | Snake:4  | Identified the +2 kite shield of Darkness {Dex+4} (Okawaru
                  | gifted it to you on level 4 of the Snake Pit)
 22364 | Snake:4  | Received a gift from Okawaru
 22620 | Snake:4  | Reached skill level 10 in Dodging
 22885 | Snake:4  | Found a glowing golden altar of the Shining One.
 23560 | Shoals:1 | Entered Level 1 of the Shoals
 23566 | Shoals:1 | Reached skill level 20 in Shields
 24755 | Shoals:2 | Found a runed translucent gate.
 24756 | Shoals:2 | Found a runed translucent gate.
 24757 | Shoals:2 | Found a runed translucent gate.
 24758 | Shoals:2 | Noticed Xoroc's ghost (adept HuFi)
 24788 | Shoals:2 | Received a gift from Okawaru
 24795 | Shoals:2 | Killed Xoroc's ghost
 25106 | Shoals:2 | Identified the +0 pair of gloves of the Spider Nest {rPois
                  | rF- Will+ Int+3}
 25283 | Shoals:2 | Identified the +3 chain mail of Duty {rN++ Will+ Str+2}
                  | (Okawaru gifted it to you on level 2 of the Shoals)
 25283 | Shoals:2 | Received a gift from Okawaru
 25284 | Shoals:2 | Reached XP level 17. HP: 160/160 MP: 18/18
 26145 | Shoals:3 | Found Hofujig's Armour Emporium.
 26162 | Shoals:3 | Reached skill level 21 in Shields
 26202 | Shoals:3 | Noticed Mara
 26209 | Shoals:3 | Noticed Babbit's illusion
 26443 | Shoals:3 | Noticed Babbit's illusion
 26445 | Shoals:3 | Killed Mara
 26448 | Shoals:3 | Found Weczus's Weapon Shop.
 26722 | Shoals:3 | Found Muh Xig's General Store.
 26732 | Shoals:3 | Bought a potion of heal wounds for 75 gold pieces
 26732 | Shoals:3 | Bought a potion of heal wounds for 75 gold pieces
 26732 | Shoals:3 | Bought a scroll of teleportation for 45 gold pieces
 27282 | Shoals:3 | Found Zotongysha's Armour Emporium.
 27359 | Shoals:3 | Found Denkyz's Magic Scroll Shop.
 27362 | Shoals:3 | Bought a scroll of enchant weapon for 112 gold pieces
 27362 | Shoals:3 | Bought a scroll of magic mapping for 112 gold pieces
 27511 | Shoals:4 | Entered Level 4 of the Shoals
 27638 | Shoals:4 | Received a gift from Okawaru
 27876 | Shoals:4 | Noticed a kraken
 28062 | Shoals:4 | Killed a kraken
 28558 | Shoals:4 | Identified the +0 gold dragon scales of Oxzuneun {*Corrode
                  | *Slow +Inv rPois rF+ rC+ Dex+8} (Okawaru gifted it to you
                  | on level 4 of the Shoals)
 28558 | Shoals:4 | Received a gift from Okawaru
 28589 | Shoals:4 | Found the necklace of Bloodlust {Fury *Rage Will++ Int-3
                  | Slay+6}
 28836 | Shoals:4 | Reached skill level 22 in Shields
 28930 | Shoals:4 | Got a barnacled rune of Zot
 29044 | Shoals:4 | Noticed a kraken
 29053 | Shoals:4 | Killed a kraken
 29539 | D:12     | Noticed Psyche
 29542 | D:12     | Killed Psyche
 29578 | D:12     | Noticed Nergalle
 29582 | D:12     | Killed Nergalle
 29583 | D:12     | Reached XP level 18. HP: 170/172 MP: 19/19
 29669 | D:12     | Noticed Frances
 29678 | D:12     | Killed Frances
 29680 | D:12     | Noticed Snorg
 29692 | D:12     | Killed Snorg
 30149 | D:13     | Received a gift from Okawaru
 30390 | D:13     | Found a gate to the Vaults.
 30723 | D:13     | Noticed Jorgrun
 30730 | D:13     | Killed Jorgrun
 31302 | D:14     | Found a runed translucent door.
 31302 | D:14     | Noticed Ejotwaer's ghost (journeyman MiFi)
 31338 | D:14     | Killed Ejotwaer's ghost
 31829 | D:14     | Noticed Agnes
 31836 | D:14     | Killed Agnes
 31879 | D:14     | Reached skill level 23 in Shields
 32017 | D:15     | Entered Level 15 of the Dungeon
 32041 | D:15     | Noticed Nessos
 32049 | D:15     | Killed Nessos
 32079 | D:15     | Found a transporter.
 32084 | D:15     | Found a transporter.
 32086 | D:15     | Found a transporter.
 32089 | D:15     | Found a transporter.
 32105 | D:15     | Noticed Josephine
 32116 | D:15     | Killed Josephine
 32140 | D:15     | Noticed Louise
 32141 | D:15     | Found a staircase to the Depths.
 32144 | D:15     | Identified the +0 battleaxe "Sautiupp" {vamp, Drain Fly rF+
                  | rN+} (Okawaru gifted it to you on level 15 of the Dungeon)
 32144 | D:15     | Received a gift from Okawaru
 32158 | D:15     | Killed Louise
 32924 | Vaults:1 | Entered Level 1 of the Vaults
 33026 | Vaults:1 | Noticed Zenata
 33419 | Vaults:1 | Received a gift from Okawaru
 33808 | Vaults:1 | Reached XP level 19. HP: 182/182 MP: 21/21
 33877 | Vaults:1 | Killed Zenata
 33877 | Vaults:1 | Received a gift from Okawaru
 34150 | Vaults:1 | Reached skill level 24 in Shields
 34191 | Vaults:1 | Demolished by an ironbound convoker

Illustrated notes

Levels and vault maps discovered:
D:1:      dpeg_arrival_long_road, layout_loops_ring, bh_walls_and_bars
D:2:      wad_lake_hut, layout_basic, st_stairs_6
D:3:      layout_basic, ebering_ecumenical_altar_hall, fountainhead, uniq_pargi,
          uniq_sigmund
D:4:      layout_gridville, nicolae_hepliaklqana_hippocampus, serial_bayou,
          serial_bayou_pond_d, serial_bayou_pond_a, serial_bayou_ford_a,
          serial_bayou_pond_e, minmay_misc_feat_four_crosses
D:5:      layout_loops_ring, minmay_temple_entry_arrows, gammafunk_ghost_grave,
          uniq_menkaure
D:6:      layout_cave_pools, nicolae_qazlal_eye_of_the_storm, dk_noncrumbling_3,
          uniq_edmund
D:7:      layout_layer_cave
D:8:      layout_loops_ring, uniq_joseph
D:9:      layout_irregular_city, minmay_starry_boxes
D:10:     minmay_the_grid_triangle_9x9_rhombus_thin_mashed
          [minmay_the_grid_triangle_9x9_sparse_checkered,
          minmay_the_grid_triangle_9x9_prize_special,
          minmay_the_grid_triangle_9x9_windchime,
          minmay_the_grid_triangle_9x9_wacky_v], layout_rooms,
          cheibrodos_worm_habitat, lemuel_tele_altar, orc_0_dummy,
          enter_trove_1, eino_jars
D:11:     layout_gridville, minmay_lair_entry_grove, portal_ice_cave_entry_imps,
          serial_shops, nicolae_shop_advertising_works
          [nicolae_subvault_shop_adworks], grunt_tough_drop, uniq_gastronok,
          uniq_harold
D:12:     layout_rooms, uniq_frances, uniq_psyche, uniq_nergalle, uniq_snorg
D:13:     layout_basic, grunt_vaults_entry_fortified, kb_rosetta, uniq_jorgrun
D:14:     layout_cave_pools, ebering_ghost_inner_flame, uniq_agnes
D:15:     gammafunk_depths_entry_grave, layout_long_grid,
          nicolae_transporter_circle, uniq_nessos, uniq_josephine, uniq_louise
Temple:   compressed_dpeg_circular_temple
Lair:1:   layout_hall_layers, wad_woods_01, serial_bayou_shore_b
Lair:2:   wad_woods_structure_01, layout_chaotic_city,
          minmay_snake_entry_guardpost_small, lemuel_fruit_tree
Lair:3:   layout_long_grid, minmay_shoals_entry_hut, infiniplex_staircase_pool
Lair:4:   minmay_lair_oklob_chamber, layout_hall_layers,
          minmay_slime_entry_pillars, eino_small_chamber_without_monster,
          eino_small_chamber_without_monster
Lair:5:   hangedman_lair_caniforms_friends, layout_cave_shapes,
          guppyfry_lair_end_dragon, gammafunk_ghost_berserking_beasts,
          grunt_forest_small_clearing_treed
Shoals:1: cheibrodos_shoals_oceanic_diplomacy, layout_shoals
Shoals:2: layout_shoals, gammafunk_ghost_tricky_traps, nicolae_shoals_shepherds
Shoals:3: layout_shoals, serial_shops, nicolae_shop_bloodbath_and_beyond,
          nicolae_shop_rolled_up, nicolae_stop_n_shop_2,
          nicolae_shop_pleasant_corner_grove, nicolae_shop_behind_doors,
          uniq_mara
Shoals:4: shoals_end_hangedman, layout_shoals, nicolae_shoals_songs
Snake:1:  layout_rooms
Snake:2:  layout_cave_pods, minmay_snake_pond
Snake:3:  gammafunk_sealed_arena, layout_cave_town, minmay_shoptagon
Snake:4:  hellmonk_snake_rune_quicksilver_temple, layout_cave_town, basic_altar,
          gammafunk_ghost_split
Orc:1:    layout_caves, basic_altar, mines2_david
Orc:2:    st_orc_town, layout_caves, uniq_urug
Vaults:1: hangedman_vaults_locks, nicolae_vaults_spaceships,
          hangedman_vaults_stream, v_rooms_5, v_alt_pattern_3,
          grunt_vaults_twisty, nicolae_vaults_security_offices_1,
          vaults_room_semicircle, nicolae_vaults_what_the_h,
          ontoclasm_vaults_decontamination, nicolae_vaults_tetromino_T_2,
          ontoclasm_vaults_twist, layout_vaults_omnibox, uniq_zenata

Skill      XL: |  1  2  3  4  5  6  7  8  9 10 11 12 13 14 15 16 17 18 19 |
---------------+----------------------------------------------------------+-----
Fighting       | 4 5 6 7 9 10 11 13 14 15 16 18 19 | 19.2
Shields        | 4 5 7 9 10 11 13 15 17 19 20 22 23 24 | 24.1
Armour         | 4 5 6 7 8 9 10 11 12 13 | 13.6
Axes           | 3 5 6 7 9 10 12 14 16 17 18 19 20 21 | 21.9
Dodging        | 1 3 5 6 7 9 10 11 | 11.3
Throwing       | 1 2 |  2.5
Stealth        | 1 2 3 |  3.5
Invocations    | 1 2 3 4 |  4.2

Action                     |  1- 3 |  4- 6 |  7- 9 | 10-12 | 13-15 | 16-18 | 19-21 || total
---------------------------+-------+-------+-------+-------+-------+-------+-------++-------
  Melee: War axe           |    86 |   122 |   126 |   440 |  1003 |  1179 |    92 ||  3048
         Headbutt          |     9 |    16 |    52 |    91 |   214 |   299 |    31 ||   712
         Hand axe          |       |       |   105 |       |       |       |       ||   105
         Battleaxe         |       |       |       |       |     8 |       |       ||     8
  Throw: Boomerang         |       |       |     4 |     8 |    15 |    11 |       ||    38
 Invoke: Heroism           |       |       |     3 |     4 |    12 |     6 |       ||    25
         Finesse           |       |       |       |       |     2 |     6 |     2 ||    10
    Use: Scroll            |       |     3 |     3 |    10 |    15 |    10 |       ||    41
         Potion            |       |       |     1 |     5 |    12 |     1 |       ||    19
   Stab: Sleeping          |       |       |       |       |       |     1 |       ||     1
 Armour: Scale mail        |    41 |    17 |    57 |    72 |   229 |   153 |    28 ||   597
         Plate armour      |     4 |    51 |       |       |       |       |       ||    55
         Chain mail        |       |       |       |       |       |    34 |       ||    34
  Dodge: Dodged            |    41 |    33 |    39 |   111 |   219 |   159 |    19 ||   621
  Block: Buckler           |    17 |    24 |       |       |       |       |       ||    41
         Tower shield      |       |     7 |   215 |   411 |  1109 |  1255 |   148 ||  3145
         Reflection        |       |       |     5 |    19 |    69 |   192 |     5 ||   290
         Other             |       |       |       |       |     6 |       |       ||     6
